[Event "*** Titled Tuesday Blitz"]
[Site "Chess.com"]
[Date "2020.05.12"]
[Round "8"]
[White "Bubachess1608"]
[Black "Shuvalov"]
[Result "0-1"]
[WhiteElo "2300"]
[BlackElo "2447"]
[TimeControl "180+1"]
[EndTime "11:34:22 PDT"]
[Termination "Shuvalov won on time"]

1. e4 e6 2. d3 d5 3. Nd2 c5 4. Ngf3 Nf6 5. g3 Nc6 6. Bg2 Be7 7. O-O O-O 8. Re1 b5 9. c3 a5 10. e5 Nd7 11. Qe2 Ba6 12. h4 b4 13.
c4 Nd4 14. Nxd4 cxd4 15. cxd5 exd5 16. Bxd5 Nc5 17. Be4 Nxe4 18. Nxe4 Qd5 19. Bf4 Rac8 20. b3 Bb7 21. Qg4 Rc6 22. h5 h6 23. Re2 Qe6 24. Qxe6 fxe6 25. a3 bxa3 26. Bc1 Rb6 27. Bxa3 Kf7 28. Bc5 Rxb3 29. Bxe7 Kxe7 30. Rxa5 Rxd3 31.
Ra7 Rb8 32. Kh2 Rb3 33. Nc5 Rb1 34. Nxb7 R8xb7 35. Rxb7+ Rxb7 36. Rd2 Rb4 37. Kg2 Kd7 38. Kf3 Kc6 39. Ke4 Kc5 40. Rc2+ Rc4 41. Ra2 Rc3 42. g4 Kc4 43. Ra4+ Kc5 44. Rxd4 Rc2 45.
Rd7 Rxf2 46. Rxg7 Re2+ 47. Kf4 Rf2+ 48. Ke3 Rg2 49. Rg6 Kd5 50. Kf3 Rg1 51. Rxh6 Kxe5 52. Rg6 Rh1 53. h6 Kd5 54. g5 e5 55. Rg7 Rh3+ 56. Ke2 Ke4 57. h7 Rh2+ 58. Kd1 Kd3 59. Rd7+ Ke3 60. g6 e4 61. Re7 Kd3 62. Rd7+ Ke3 63. g7 Rxh7 0-1

[Event "*** Titled Tuesday Blitz"]
[Site "Chess.com"]
[Date "2020.05.12"]
[Round "8"]
[White "Chichin_chao"]
[Black "Luibov_AN"]
[Result "1-0"]
[WhiteElo "2361"]
[BlackElo "2130"]
[TimeControl "180+1"]
[EndTime "11:34:22 PDT"]
[Termination "Chichin_chao won on time"]

1. e4 g6 2. Nf3 Bg7 3. d4 c5 4.
d5 e5 5. Nc3 d6 6. h3 Nf6 7.
Bb5+ Nbd7 8. a4 a6 9. Bd3 Rb8 10. a5 Qc7 11. Qe2 O-O 12. g4 Ne8 13. Nd2 h6 14. Nc4 b5 15. axb6 Nxb6 16. Ne3 a5 17. Nb5 Qd8 18. c4 a4 19. h4 Bd7 20. Nc3 Qe7 21.
h5 g5 22. Qc2 Nc7 23. Ne2 Na6 24. Ng3 Nb4 25. Qe2 Nc8 26. Nef5 Bxf5 27. Nxf5 Qd8 28.
Rxa4 Ne7 29. Ne3 Qb6 30. O-O Nc8 31. Kg2 f6 32. Nf5 Rf7 33. Rd1 Bf8 34. Bb1 Rfb7 35.
Re1 Qc7 36. Qf3 Nb6 37. Ra1 Nxc4 38. Ng3 Qf7 39. b3 Nb6 40. Bd2 Nd7 41. Bc3 Be7 42. Re2 Bf8 43. Nf5 Rc7 44. Kh3 Rcb7 45. Rb2 Nb6 46.
Qe2 Nc8 47. Bd3 Na7 48. Bc4 Nb5 49. f3 Nxc3 50. Qd2 Nb5 51. Bxb5 Rxb5 52. Ra4 R5b6 53. Rb1 Qd7 54. Rba1 R6b7 55. Ra5 Rb5 56. Qe2 Rxa5 57. Rxa5 Na6 58. Qc4 Rxb3 59. Qxa6 Rxf3+ 60. Kg2 Rb3 61. Qc6 Qxc6 62. dxc6 Rb2+ 63. Kf3 Rb3+ 64. Ke2 Rb6 65. c7 Rc6 66. Ra7 c4 67. Kd2 1-0

[Event "*** Titled Tuesday Blitz"]
[Site "Chess.com"]
[Date "2020.05.12"]
[Round "8"]
[White "Trankuilizer"]
[Black "124chess"]
[Result "0-1"]
[WhiteElo "2554"]
[BlackElo "2785"]
[TimeControl "180+1"]
[EndTime "11:34:23 PDT"]
[Termination "124chess won on time"]

1. e4 d6 2. d4 Nf6 3. Nc3 e5 4. Nf3 Nbd7 5. Bc4 Be7 6. O-O O-O 7. Re1 c6 8. a4 exd4 9. Nxd4 Ne5 10. Bf1 Re8 11.
h3 Bd7 12. f4 Ng6 13. g3 Bf8 14. Bg2 Qc7 15. Kh2 b6 16. Be3 a6 17. Bf2 b5 18.
axb5 axb5 19. Rxa8 Rxa8 20. e5 dxe5 21. Ndxb5 cxb5 22. Bxa8 exf4 23. Bf3 h5 24. Ne4 Nxe4 25. Rxe4 Bc6 26.
Re1 Bxf3 27. Qxf3 Qxc2 28. Re2 Qf5 29. g4 hxg4 30. hxg4 Qd7 31. b3 Qc8 32. Rd2 Ne5 33.
Qxf4 Nxg4+ 34. Kg2 Nf6 35. Bd4 Qc6+ 36. Qf3 Qc1 37.
Rf2 Qg5+ 38. Kf1 Qc1+ 39. Kg2 Be7 40. Re2 Qg5+ 41. Kf1 Nh5 42. Qa8+ Kh7 43. Qe4+ Kg8 44. Qxe7 Qf4+ 45. Bf2 Ng3+ 46. Kg2 Nxe2 47. Qxe2 Qf5 48. Qf3 Qe6 49. Bd4 f6 50. Kf2 Kf7 51. Qe3 Qd5 52. Ke2 g5 53. Qd3 Qe6+ 54. Kd2 Qd5 55. Qh7+ Ke8 56. Qh8+ Kd7 57. Qxf6 Qxb3 58. Qf5+ Kd6 59. Qxg5 Qa2+ 60. Kd3 Qb1+ 61. Kd2 Qa2+ 62. Kd1 Qa4+ 63. Kc1 Qc4+ 64. Kb1 Qd3+ 0-1

[Event "*** Titled Tuesday Blitz"]
[Site "Chess.com"]
[Date "2020.05.12"]
[Round "8"]
[White "GelmanAlexander"]
[Black "Harut-1998"]
[Result "1/2-1/2"]
[WhiteElo "2584"]
[BlackElo "2764"]
[TimeControl "180+1"]
[EndTime "11:34:24 PDT"]
[Termination "Game drawn by repetition"]

1. c4 e6 2. Nf3 d5 3. d3 Nf6 4. Nbd2 c5 5. Rg1 Nc6 6. g4 g6 7. e3 Bg7 8. a3 b6 9. g5 Nd7 10. h4 h5 11. Rb1 Nde5 12. Nxe5 Nxe5 13. b3 dxc4 14. Nxc4 Bb7 15. Nxe5 Bxe5 16. Bb2 Bxb2 17. Rxb2 O-O 18. Rd2 Qd6 19. f4 Rfd8 20. Be2 Qf8 21. Bf3 Rab8 22. Kf2 Qg7 23. Qc2 Bxf3 24. Kxf3 Rd5 25.
b4 Rbd8 26. Rc1 e5 27. Qb2 exf4 28. Qxg7+ Kxg7 29. Kxf4 Rxd3 30. Rxd3 Rxd3 31. bxc5 bxc5 32. a4 Ra3 33. Rc4 Kf8 34. e4 Ke7 35. Ke5 Kd7 36.
Rxc5 Rxa4 37. Rd5+ Ke7 38. Rb5 Kf8 39. Kf6 Ra6+ 40.
Ke5 Kg7 41. Rb7 Ra1 42. Kd6 Rd1+ 43. Ke7 Re1 44. Rb4 a5 45. Ra4 Re3 46. Kd6 Rh3 47. e5 Rd3+ 48. Ke7 Re3 49. Rxa5 Re4 50. Kd6 Rxh4 51.
Ra7 Rd4+ 52. Kc5 Rg4 53. e6 Rxg5+ 54. Kd6 Rf5 55. e7 Rf6+ 56. Kd7 Re6 57. Ra6 Rxa6 58.
e8=Q Ra7+ 59. Kd6 Ra6+ 60. Kd5 Ra5+ 61. Kd4 Rf5 62. Qd7 h4 63. Ke4 Rh5 64. Qd4+ Kg8 65. Qd8+ Kg7 66. Qd4+ Kg8 67. Qf6 h3 68. Qd8+ Kg7 69. Qd4+ Kg8 70. Qd8+ Kg7 71. Qd4+ Kg8 72. Qd8+ 1/2-1/2

[Event "*** Titled Tuesday Blitz"]
[Site "Chess.com"]
[Date "2020.05.12"]
[Round "8"]
[White "Angel_Hranitel_37"]
[Black "Poghosyan_Suren"]
[Result "0-1"]
[WhiteElo "2359"]
[BlackElo "2507"]
[TimeControl "180+1"]
[EndTime "11:34:27 PDT"]
[Termination "Poghosyan_Suren won on time"]

1. d4 Nf6 2. Nf3 c5 3. g3 cxd4 4. Nxd4 g6 5. Bg2 Bg7 6. O-O O-O 7. b3 Nc6 8. Bb2 d5 9. e3 Bg4 10. Qd2 Qd7 11. Nc3 e5 12. Nde2 Rfd8 13. h3 Bxh3 14.
Rfd1 Bxg2 15. Kxg2 d4 16. exd4 exd4 17. Na4 b5 18.
Nxd4 bxa4 19. Qf4 a3 20. Nb5 Nd5 21. Qh4 axb2 22. Rab1 Ne5 23. c4 Qb7 24. Kf1 Nf3 25. Qe4 Re8 26. Qxd5 Qxd5 27. cxd5 Red8 28. d6 a6 29. Na3 Ne5 30. Rxb2 Rd7 31. Rbd2 Rad8 32. f4 Ng4 33. Rd3 Bf8 34. Nc4 h5 35. Kg2 f5 36. b4 Kf7 37. a3 Ke6 38. Re1+ Kf7 39.
Red1 Nf6 40. Ne5+ Ke6 41. Nxd7 Rxd7 42. Re1+ Ne4 43. a4 Rxd6 44. Rxd6+ Bxd6 45. b5 a5 46. Rc1 Kd5 47. Rc6 Nc5 48. Rc8 Nxa4 49. Ra8 Bb4 50.
Rg8 Nc3 51. Rxg6 Nxb5 52. Rg5 Nd4 53. Rxh5 a4 54. g4 a3 55. Rh1 Bc3 56. gxf5 Nxf5 57. Kf3 a2 58. Kg4 Ke4 59. Rc1 Ne3+ 60. Kg5 Bb2 61.
Re1 Bc3 62. Rh1 Nd5 63. Rd1 Bf6+ 64. Kg6 Bd4 65. f5 Nf4+ 66. Kg5 Nd3 67. f6 Ne5 0-1

[Event "*** Titled Tuesday Blitz"]
[Site "Chess.com"]
[Date "2020.05.12"]
[Round "8"]
[White "Moon_stone123"]
[Black "silverback96"]
[Result "0-1"]
[WhiteElo "2495"]
[BlackElo "2274"]
[TimeControl "180+1"]
[EndTime "11:34:29 PDT"]
[Termination "silverback96 won on time"]

1. e4 e6 2. d4 d5 3. Nd2 Nf6 4. e5 Nfd7 5. Bd3 c5 6. c3 Nc6 7.
Ngf3 a6 8. O-O g5 9. dxc5 g4 10. Nd4 Ndxe5 11. Be2 h5 12. b4 Ng6 13. Bb2 e5 14. Nxc6 bxc6 15. c4 d4 16. Bd3 f5 17.
Re1 Bg7 18. Nb3 O-O 19. Bf1 h4 20. Na5 Qf6 21. a4 f4 22. Ra3 Bf5 23. Bd3 Rae8 24. Bxf5 Qxf5 25. Nxc6 g3 26. hxg3 fxg3 27. Rf3 gxf2+ 28.
Kxf2 Nf4 29. Bc1 Qg4 30. Bxf4 Rxf4 31. Rxf4 Qxf4+ 32. Qf3 Qd2+ 33. Re2 Qd1 34. b5 Rf8 35.
Ne7+ Kh7 36. Nf5 Qb1 37. Qh5+ Kg8 38. Rxe5 Qc2+ 39. Kg1 Qc1+ 40. Kf2 Qf4+ 41. Kg1 Qxe5 42. Nh6+ Kh7 43. Nf5+ Kg8 44. Nh6+ Bxh6 45. Qxe5 Be3+ 46. Kh2 Bf4+ 47. Qxf4 Rxf4 48. b6 d3 49. b7 Rf8 50.
c6 d2 51. c7 d1=Q 52. c8=Q Qd6+ 53. Kh1 Qd1+ 54. Kh2 Qd6+ 55. Kg1 Qd4+ 56. Kh2 Qf4+ 57. Kh1 Qf1+ 58. Kh2 Qf4+ 59. Kh1 h3 60. Qxh3 Qf1+ 61. Kh2 Qxc4 62. Qg3+ Kf7 0-1

[Event "*** Titled Tuesday Blitz"]
[Site "Chess.com"]
[Date "2020.05.12"]
[Round "8"]
[White "SlovenskiZmaj"]
[Black "Firehand33"]
[Result "1/2-1/2"]
[WhiteElo "2560"]
[BlackElo "2721"]
[TimeControl "180+1"]
[EndTime "11:34:32 PDT"]
[Termination "Game drawn by repetition"]

1. e4 d5 2. exd5 Qxd5 3. c4 Qd8 4. d4 Nf6 5. Nc3 c6 6. Bg5 Bf5 7. Nf3 Ne4 8. Nxe4 Bxe4 9. Be2 Qa5+ 10. Bd2 Qb6 11.
Bc3 e6 12. O-O Nd7 13. Re1 Bb4 14. Nd2 Bxc3 15. bxc3 Bf5 16. c5 Qc7 17. Nc4 O-O 18.
Nd6 Bg6 19. Bd3 b6 20. Bxg6 hxg6 21. Ne4 bxc5 22. dxc5 Rad8 23. Qa4 Nf6 24. Nd6 Ne8 25. Ne4 Nf6 26. Nd6 Ne8 27. Ne4 Rd5 28. c4 Rh5 29. h3 Nf6 30. Nxf6+ gxf6 31. Qa3 Qe7 32. Rab1 Qxc5 33.
Qf3 Rf5 34. Qe3 Qxc4 35. Qxa7 c5 36. Rb7 Qc2 37. Rf1 Rd5 38. a4 c4 39. Rc7 c3 40. a5 Rd1 41. Rxd1 Qxd1+ 42. Kh2 c2 43. Qc5 Ra8 44. Qe7 Rf8 45. Qc5 Qd2 46. a6 Ra8 47. a7 c1=Q 48. Qxc1 Qxc1 49. Rxc1 Rxa7 50. g3 f5 51. h4 Kg7 52. Kg2 Kf6 53. Rc3 Ra4 54. Rc6 f4 55. Rb6 fxg3 56. Kxg3 Kf5 57. f3 e5 58. Rb5 f6 59. Rc5 Rb4 60.
Ra5 Rb3 61. Rc5 Ra3 62. Rb5 Rd3 63. Ra5 Ke6 64. Ra6+ Rd6 65. Ra5 Kf5 66. Rb5 Ra6 67. Rc5 Ra3 68. Rb5 Ra1 69. Rc5 Rg1+ 70. Kf2 Rh1 71.
Kg3 Rd1 72. Ra5 Rd4 73. Rb5 Ke6 74. Rb6+ Rd6 75. Rb5 Rc6 76. Ra5 Kf5 77. Rb5 g5 78. hxg5 Kxg5 79. f4+ Kf5 80. fxe5 fxe5 81. Kf3 Rc3+ 82.
Ke2 Kf4 83. Rb8 e4 84. Rf8+ Ke5 85. Re8+ Kd4 86. Rd8+ Ke5 87. Re8+ Kf4 88. Rf8+ Ke5 89. Re8+ 1/2-1/2

[Event "*** Titled Tuesday Blitz"]
[Site "Chess.com"]
[Date "2020.05.12"]
[Round "8"]
[White "pedroholly22"]
[Black "aNaartjieZA"]
[Result "1-0"]
[WhiteElo "2477"]
[BlackElo "2592"]
[TimeControl "180+1"]
[EndTime "11:34:33 PDT"]
[Termination "pedroholly22 won by resignation"]

1. b3 Nf6 2. Bb2 g6 3. Bxf6 exf6 4. d4 Bg7 5. g3 f5 6. Bg2 O-O 7.
e3 Nc6 8. Ne2 d6 9. O-O Bd7 10.
c4 Re8 11. Nbc3 Rb8 12. Rc1 Ne7 13. Qd2 Bc6 14. d5 Bd7 15. Nd4 g5 16. Rfe1 a6 17. a4 Ng6 18. b4 Ne5 19. c5 Qf6 20.
c6 Bc8 21. b5 b6 22. bxa6 Bxa6 23. Ncb5 Bxb5 24. Nxb5 Rbc8 25. a5 bxa5 26. Qxa5 Qe7 27. Qd2 Qf6 28. Rb1 h5 29. Na7 Ra8 30. Rb7 Re7 31. Nb5 Rc8 32. Rb1 f4 33. exf4 gxf4 34. Qxf4 Qxf4 35. gxf4 Nd3 36. Bh3 Rce8 37. Rxc7 Re1+ 38.
Rxe1 Rxe1+ 39. Bf1 Nxf4 40. Ra7 Nxd5 41. c7 Nxc7 42. Rxc7 Be5 43. Kg2 Bxh2 44. Kxh2 Rxf1 45. Kg2 Rd1 46. Rd7 d5 47. Nc3 Rd3 48. Nxd5 Kg7 49. Nf6 Ra3 50. Nxh5+ Kg6 51. Ng3 Ra6 52. Rd3 Ra2 53. Kf3 Rb2 54. Ne4 Rb4 55. Rd6+ Kg7 56.
Kf4 Rb5 57. f3 Ra5 58. Rc6 Rb5 59. Rc5 Rb3 60. Rg5+ Kf8 61. Rc5 Kg7 62. Rc3 Rb5 63. Ke3 Rb1 64. Rc2 Re1+ 65. Kf4 Rg1 66. Rc5 Rd1 67. Ng5 Rd4+ 68. Kf5 Rd7 69. Ne4 Rd3 70. f4 Rd7 71. Kg4 Re7 72. Ng3 Rd7 73. Nh5+ Kf8 74. Nf6 Rd6 75. Kf5 Ra6 76. Rc8+ Ke7 77. Re8+ Kd6 78.
Re1 Ra5+ 79. Re5 Ra7 80. Ne4+ Kd7 81. Ng5 Kd8 82. Kf6 Ra6+ 83. Kxf7 1-0

[Event "*** Titled Tuesday Blitz"]
[Site "Chess.com"]
[Date "2020.05.12"]
[Round "8"]
[White "Kildepiotr"]
[Black "GrafLermontov"]
[Result "1-0"]
[WhiteElo "2552"]
[BlackElo "2382"]
[TimeControl "180+1"]
[EndTime "11:34:38 PDT"]
[Termination "Kildepiotr won by resignation"]

1. Nf3 c5 2. g3 Nc6 3. Bg2 g6 4. c3 Bg7 5. d4 cxd4 6. cxd4 d5 7.
O-O Nf6 8. Nc3 O-O 9. Ne5 Nd7 10. Nxd5 Ndxe5 11. dxe5 Nxe5 12. Bg5 Nc6 13. Rc1 Bxb2 14.
Rxc6 bxc6 15. Nxe7+ Kg7 16. Nf5+ Bxf5 17. Bxd8 Rfxd8 18. Qb3 Rab8 19. Qa4 Bd4 20. Bxc6 Bb6 21. Kg2 Rd2 22. Bf3 Rc8 23. Rd1 Bc2 24. Qa6 Bxd1 25.
Qxc8 Rd6 26. e3 Bxf3+ 27. Kxf3 h5 28. h3 Rf6+ 29. Ke2 Rd6 30. g4 hxg4 31. hxg4 Rd5 32. Qc4 Ra5 33. a4 Rc5 34. Qd4+ Kg8 35. Qd3 Ra5 36. Qe4 Rc5 37. Kf3 Kg7 38. Kg3 Bc7+ 39. f4 Bb6 40. Kf3 Kg8 41. Qe8+ Kg7 42. g5 Rd5 43. Qe4 Ra5 44. Qc4 Rc5 45. Qd4+ Kg8 46. Qd3 Ra5 47. Qb3 Rc5 48. e4 Rc1 49. f5 gxf5 50.
exf5 Rf1+ 51. Ke4 Re1+ 52. Kd5 Rf1 53. Qd3 Rf4 54. g6 fxg6 55. fxg6 Kg7 56. Kc6 Rf6+ 57. Kb7 Rxg6 58. Qd7+ Kh6 59. Qd5 Rg7+ 60. Ka6 Rg5 61. Qe6+ Rg6 62. Qh3+ Kg7 63. a5 Bd4+ 64. Kb5 Rg5+ 65. Ka4 Bf6 66. Qd7+ Kg6 67. Qxa7 Rg4+ 68. Kb5 Rg5+ 69. Kc6 Rg4 70. a6 Rc4+ 71. Kd5 Ra4 72. Qb7 Ra5+ 73. Kc6 Kf5 74. a7 Ra4 75. a8=Q Rc4+ 76.
Kd7 Re4 77. Qxe4+ 1-0

[Event "*** Titled Tuesday Blitz"]
[Site "Chess.com"]
[Date "2020.05.12"]
[Round "8"]
[White "smshk35"]
[Black "Chessmasterzt"]
[Result "1/2-1/2"]
[WhiteElo "2411"]
[BlackElo "2556"]
[TimeControl "180+1"]
[EndTime "11:34:40 PDT"]
[Termination "Game drawn - insufficient material"]

1. e4 d6 2. d4 Nf6 3. Nc3 e5 4.
dxe5 dxe5 5. Qxd8+ Kxd8 6. Bg5 Be6 7. O-O-O+ Nd7 8. g3 Kc8 9. Bh3 Bb4 10. Bxe6 fxe6 11. Nge2 Rf8 12. h3 Bxc3 13. Nxc3 a5 14. a4 Nc5 15. Rhe1 Ra6 16. b3 Rd6 17. f4 Rxd1+ 18. Kxd1 Nh5 19. fxe5 Rf3 20. g4 Rxc3 21. gxh5 Rxh3 22.
Be7 Nd7 23. Rg1 Nxe5 24. Rxg7 Rxh5 25. Bf6 Ng6 26. e5 b6 27. Kd2 Rh3 28. Kc1 Rh2 29. Kb2 Rh5 30. Kc3 Rh2 31. Kb2 Nf4 32. Re7 Rh5 33.
Rg7 Ng6 34. Rf7 h6 35. Rh7 Nxe5 36. Bxe5 Rxe5 37. Rxh6 Kd7 38. Kc3 Kd6 39. Rh8 Rc5+ 40. Kd3 Rd5+ 41. Kc3 Rg5 42. Kd4 Rg2 43. Kd3 Rg3+ 44.
Kd4 Rg4+ 45. Kd3 Kd5 46. Rd8+ Kc5 47. Rd7 c6 48. Re7 Rg6 49. c3 Rg3+ 50. Kd2 Kd6 51. Rb7 Kc5 52. Re7 Rg6 53. Kd3 b5 54. Ra7 Kb6 55.
Re7 bxa4 56. bxa4 Kc5 57. Ra7 Rg3+ 58. Kc2 Kc4 59. Rxa5 Rxc3+ 60. Kd2 Rd3+ 61. Ke2 Rd5 62. Ra6 Rc5 63. Ra8 e5 64. Ke3 Kd5 65. Rd8+ Ke6 66. Ra8 Rc3+ 67. Kd2 Ra3 68. a5 Kd5 69. a6 Ke4 70. a7 Ra2+ 71. Kc3 c5 72. Kb3 Ra5 73. Kc4 Ke3 74. Re8 Rxa7 75. Rxe5+ Kf4 76. Rxc5 Ra4+ 77.
Kb5 Re4 78. Rc4 Rxc4 79. Kxc4 1/2-1/2

[Event "*** Titled Tuesday Blitz"]
[Site "Chess.com"]
[Date "2020.05.12"]
[Round "8"]
[White "GM_DarwinLaylo"]
[Black "Trickov"]
[Result "1/2-1/2"]
[WhiteElo "2522"]
[BlackElo "2317"]
[TimeControl "180+1"]
[EndTime "11:34:41 PDT"]
[Termination "Game drawn - insufficient material"]

1. c4 c6 2. Nc3 d5 3. e3 Nf6 4. Nf3 Bf5 5. cxd5 cxd5 6. Qb3 Qb6 7. Nxd5 Qxb3 8. Nxf6+ exf6 9. axb3 Nc6 10. Bb5 Rc8 11. Nd4 Bd7 12. Nxc6 bxc6 13. Bc4 Rc7 14. d4 Bd6 15. Bd2 Ke7 16. Ke2 Rb8 17. Bc3 c5 18. d5 Bb5 19. Ra5 a6 20. f4 Rcb7 21. Rha1 Kd7 22. g3 Re8 23. Kd3 h5 24. e4 h4 25. Re1 Rh8 26. e5 Bc7 27. Raa1 hxg3 28.
hxg3 Rh3 29. Re3 Rb8 30. exf6 gxf6 31. Bxf6 Re8 32. Rae1 Rxe3+ 33. Rxe3 Bd8 34. Bxd8 Kxd8 35. Ke4 Kd7 36. Kf5 Rh2 37. Kf6 Rxb2 38. Kxf7 Rc2 39.
f5 Bxc4 40. bxc4 Rxc4 41. Re6 Rg4 42. Rg6 Rd4 43. Kg7 Rxd5 44. f6 Rf5 45. f7 Ke7 46. Rc6 Rxf7+ 47. Kg6 Rf3 48. g4 Rc3 49. Rxa6 c4 50. g5 Rg3 51. Rc6 c3 52. Kh6 Kd7 53.
Rc4 Kd6 54. g6 Kd5 55. Rc8 Kd4 56. g7 Kd3 57. g8=Q Rxg8 58. Rxg8 c2 59. Rc8 Kd2 60. Kg5 c1=Q 61. Rxc1 Kxc1 1/2-1/2

[Event "*** Titled Tuesday Blitz"]
[Site "Chess.com"]
[Date "2020.05.12"]
[Round "8"]
[White "Morshynska"]
[Black "VALPARAISO37"]
[Result "1/2-1/2"]
[WhiteElo "2171"]
[BlackElo "2351"]
[TimeControl "180+1"]
[EndTime "11:34:46 PDT"]
[Termination "Game drawn by agreement"]

1. e4 e5 2. Nf3 Nc6 3. Bc4 Bc5 4. c3 Nf6 5. d3 d6 6. Bb3 O-O 7. h3 a6 8. Nbd2 Ba7 9. Nf1 b5 10. Ng3 d5 11. Qe2 dxe4 12. dxe4 Re8 13. O-O Be6 14.
Rd1 Qc8 15. Ng5 Bxb3 16. axb3 h6 17. Nf3 Qe6 18. b4 Ne7 19. Nh4 Kh7 20. Nhf5 Nxf5 21. Nxf5 Ng8 22. Be3 g6 23. Bxa7 Rxa7 24. Ne3 c6 25.
Qg4 Nf6 26. Qxe6 Rxe6 27. f3 Nh5 28. Kf2 Nf4 29. Rd8 h5 30. Nc2 h4 31. Ne1 Ree7 32.
Nd3 Nxd3+ 33. Rxd3 Red7 34. Ke2 Rxd3 35. Kxd3 Kg7 36.
b3 f5 37. c4 Kf6 38. Ke3 Ke6 39. c5 f4+ 40. Kd3 Ke7 41. Kc3 Kd8 42. Rd1+ Rd7 43.
Rxd7+ Kxd7 44. Kb2 Ke6 45. Kc3 Kf6 46. Kd3 Kg5 47. Kc3 Kh5 48. Kb2 g5 49. Kc3 Kh6 50.
Kd3 Kg7 51. Kc3 Kf7 52. Kd3 Ke7 53. Kc3 Kd7 54. Kb2 Kc7 55. Ka2 Kb7 56. Kb2 Ka8 57.
Ka2 Kb8 58. Kb2 Kc8 59. Kc3 Kd7 60. Kd3 Ke6 61. Kc3 Kf6 62. Kd3 Kg6 63. Kc3 Kh5 64.
Kd3 Kh6 65. Kc3 Kg6 66. Kd3 Kf6 67. Kc3 Ke6 68. Kd3 Kd7 69. Kc3 Kc7 70. Kb2 Kb7 71.
Ka3 Ka7 72. Kb2 Ka8 73. Ka3 Kb7 74. Kb2 Kc7 75. Ka3 Kd7 76. Kb2 Ke7 77. Ka3 Kd7 78.
Ka2 Kc7 79. Ka3 Kb8 80. Kb2 Kc8 81. Ka3 Kc7 82. Kb2 Kd7 83. Ka3 Ke6 84. Kb2 Kf6 85. Kc3 Kg6 86. Kb2 Kh6 87. Ka3 g4 88. Kb2 Kg5 89.
Kc3 g3 90. Kd3 Kf6 91. Kc3 Kf7 92. Kb2 Ke8 93. Ka2 Kd8 94. Kb2 Kc8 95. Ka2 Kb7 96. Kb2 Ka8 97. Ka2 Kb8 98. Kb2 Kc7 99. Ka2 Kd7 100.
Kb2 1/2-1/2

[Event "*** Titled Tuesday Blitz"]
[Site "Chess.com"]
[Date "2020.05.12"]
[Round "8"]
[White "nabukatnezarr"]
[Black "KarstenHansch"]
[Result "1/2-1/2"]
[WhiteElo "2511"]
[BlackElo "2371"]
[TimeControl "180+1"]
[EndTime "11:34:47 PDT"]
[Termination "Game drawn by repetition"]

1. d4 d5 2. c4 e6 3. Nc3 Nf6 4. cxd5 exd5 5. Bg5 c6 6. e3 Nbd7 7. Bd3 Be7 8. Nge2 h6 9. Bh4 Nh5 10. Bxe7 Qxe7 11. g4 Nhf6 12. Ng3 Nb6 13. h3 g6 14. Qb3 Be6 15. a4 O-O-O 16. a5 Nbd7 17. Kd2 h5 18. gxh5 Nxh5 19. Nxh5 Rxh5 20. Ne2 Rxh3 21. Nf4 Rxh1 22. Rxh1 Qf6 23. a6 b6 24. Rc1 Nb8 25. Rh1 g5 26.
Ne2 Qxf2 27. Qb4 Qf6 28. Nc3 g4 29. Rf1 Qh4 30. Nb5 cxb5 31. Rc1+ Nc6 32. Rxc6+ Kb8 33. Qxb5 Rd6 34. Rc1 g3 35. Be2 Bd7 36. Qb4 Re6 37.
Qf8+ Be8 38. Qg8 Qe7 39. Qxg3+ Qd6 40. Qg8 Qb4+ 41. Rc3 Qxb2+ 42. Rc2 Qb4+ 43. Rc3 Qb2+ 44. Rc2 Qb4+ 45. Kd1 Qb1+ 46. Rc1 Qb3+ 47. Ke1 Qxe3 48. Rc2 Qxd4 49. Rd2 Qa1+ 50. Kf2 Qf6+ 51. Bf3 Qh4+ 52. Qg3+ Qxg3+ 53. Kxg3 Rd6 54. Rh2 Kc7 55. Rh8 Rd8 56. Kf4 Bc6 57. Rh7 Rd7 58. Bg4 Re7 59. Kg5 d4 60.
Kf6 Re4 61. Rxf7+ Kd6 62. Bf5 Rf4 63. Rxa7 Be4 64. Rd7+ Kc5 65. Ke5 Rxf5+ 66. Kxe4 Rf8 67. a7 Ra8 68. Rd5+ Kc6 69. Rxd4 Kb7 70. Kd3 Rxa7 71. Kc3 Kc6 72. Kb2 Kc5 73. Rh4 Rg7 74.
Rf4 Rg2+ 75. Kb3 Rg3+ 76. Kb2 b5 77. Rh4 b4 78. Rh8 Kc4 79. Rc8+ Kb5 80. Rb8+ Kc5 81. Rc8+ Kb5 82. Rb8+ Kc5 83. Rc8+ Kb5 1/2-1/2

[Event "*** Titled Tuesday Blitz"]
[Site "Chess.com"]
[Date "2020.05.12"]
[Round "8"]
[White "BogdanDeac"]
[Black "mbojan"]
[Result "0-1"]
[WhiteElo "2904"]
[BlackElo "2708"]
[TimeControl "180+1"]
[EndTime "11:34:51 PDT"]
[Termination "mbojan won on time"]

1. Nf3 Nf6 2. c4 g6 3. Nc3 d5 4.
cxd5 Nxd5 5. e4 Nb6 6. d4 Bg7 7.
h3 O-O 8. Be2 c5 9. dxc5 Bxc3+ 10. bxc3 Qxd1+ 11. Bxd1 N6d7 12. Ba3 Na6 13. c6 bxc6 14. Nd4 Bb7 15. Rb1 Nac5 16. f3 Rab8 17. Nb3 Nxb3 18. Bxb3 c5 19. O-O Bc6 20. Rfd1 Rfc8 21.
Bc4 Rxb1 22. Rxb1 e6 23. Kf2 Kf8 24. Ba6 Rc7 25. Bc1 Nb6 26. Be3 Be8 27. Bf4 Rd7 28. Bb5 Rd8 29. Bg5 Rc8 30. Ba6 Rc7 31. Bf4 Rd7 32. Ke2 f6 33. Be3 Rc7 34. Bb5 Bxb5+ 35. Rxb5 Nd7 36. Bf4 e5 37. Be3 Ke7 38. Ra5 Rb7 39.
Kd3 Kd6 40. Ra6+ Kc7 41. Kc2 Kd8 42. a4 Rc7 43. Ra5 Ke7 44. Rb5 Kd6 45. Kd3 Nb6 46. a5 c4+ 47. Kc2 Nd7 48. a6 Rc6 49. Ra5 Nb8 50.
Bxa7 Nxa6 51. Bf2 Nc7 52. Ra7 Ra6 53. Rxa6+ Nxa6 54. Bh4 f5 55. exf5 gxf5 56. g4 f4 57. Bf2 Nc7 58. h4 Ne6 59. Kd2 Ng7 60. h5 Ne6 61. Bh4 Kd5 62. Ke2 e4 63. g5 Ke5 64.
fxe4 Kxe4 65. g6 hxg6 66. h6 Nf8 67. Be7 Nh7 68. Kf2 g5 69. Bd6 g4 70. Kg2 Kf5 71. Kf2 Kg5 72. Bc7 f3 73. Kg3 Kf5 74. Bd6 Kg5 75.
Bf4+ Kh5 76. Be3 Nf6 77. Bd4 Ne4+ 78. Kf4 Ng5 0-1

[Event "*** Titled Tuesday Blitz"]
[Site "Chess.com"]
[Date "2020.05.12"]
[Round "8"]
[White "dopolian"]
[Black "Alopekos"]
[Result "1/2-1/2"]
[WhiteElo "2320"]
[BlackElo "2465"]
[TimeControl "180+1"]
[EndTime "11:34:52 PDT"]
[Termination "Game drawn by agreement"]

1. e4 c5 2. Nf3 e6 3. d4 cxd4 4. Nxd4 Nc6 5. Nb5 d6 6. c4 Nf6 7.
N1c3 a6 8. Nd4 Be7 9. Be3 O-O 10.
Be2 Nxd4 11. Qxd4 Nd7 12. O-O Nc5 13. f4 Qc7 14. b4 Nd7 15. Rac1 b6 16. Bf3 Bb7 17. Na4 Rab8 18. Nxb6 Nxb6 19. Qxb6 Qxb6 20. Bxb6 Bxe4 21. Ba7 Rb7 22. Bxe4 Rxa7 23. c5 a5 24. b5 dxc5 25. b6 Ra6 26. Rb1 c4 27. b7 Rb6 28. Kh1 Rb4 29. a3 Rb3 30. Bc2 Rxb1 31. Rxb1 Bd6 32. g3 Rb8 33. a4 Kf8 34. Rb5 Bb4 35. Kg2 Ke7 36. Be4 f5 37. Bf3 c3 38.
Rb6 c2 39. Rc6 Rxb7 40. Rxc2 Rd7 41. Kf2 Rd3 42. Ke2 Ra3 43. Bc6 Ra1 44. Bb5 Re1+ 45. Kd3 Kf6 46. Kc4 Re4+ 47. Kd3 Re1 48. Kc4 h5 49.
Kd4 h4 50. Rg2 Re4+ 51. Kd3 h3 52. Re2 Rxe2 53. Kxe2 Bc5 54. Kf3 Bg1 55. Bf1 Bxh2 56. Kf2 g5 57. fxg5+ Kxg5 58. Bxh3 f4 59. Bg2 Bxg3+ 60.
Kf3 Kf5 61. Bh3+ Ke5 62. Bg4 Kd5 63. Bh5 e5 64. Bg6 Kc4 65. Ke4 Kb4 66. Be8 Ka3 67. Kxe5 f3+ 68. Ke4 f2 69. Bb5 Kb4 70.
Kf3 Bh4 71. Kg4 Be7 72. Kf3 Bc5 73. Ke2 Kc3 74. Kf1 Kd2 75. Bc6 Ke3 76. Bb5 Bb4 77. Be8 Be1 78. Bb5 Kf3 79. Be8 Ke4 80. Bb5 Kd5 81. Be8 Kd6 82. Bb5 Kc5 83. Ke2 Kd6 84. Kf1 Kc5 85. Ke2 Kb4 86. Kf1 Kc3 87. Ke2 Kc2 88.
Kf1 Kd2 89. Bc6 1/2-1/2

[Event "*** Titled Tuesday Blitz"]
[Site "Chess.com"]
[Date "2020.05.12"]
[Round "8"]
[White "BIG_Pirate"]
[Black "ZverevLev"]
[Result "1/2-1/2"]
[WhiteElo "2292"]
[BlackElo "2118"]
[TimeControl "180+1"]
[EndTime "11:34:56 PDT"]
[Termination "Game drawn - insufficient material"]

1. Nf3 c5 2. c4 Nf6 3. Nc3 g6 4.
g3 Bg7 5. Bg2 Nc6 6. d3 O-O 7. O-O b6 8. a3 Bb7 9. Rb1 Rc8 10. b4 d6 11. Qd2 Nd7 12. b5 Ncb8 13. Bb2 e6 14. e4 Re8 15. a4 Nf8 16. Ra1 a5 17. bxa6 Nxa6 18. Nb5 Nb4 19. Bxg7 Kxg7 20.
Rfd1 e5 21. Bh3 Ra8 22. Nh4 Ne6 23. f4 Nxf4 24. gxf4 Qxh4 25. Bg2 exf4 26. Nxd6 Re5 27. Nxb7 Ra7 28. Qb2 f6 29. Nd6 Rg5 30. Kh1 Re7 31.
Bf3 Qh3 32. Qf2 Rd7 33. e5 Rxe5 34. Ne4 Rxd3 35. Bg2 Qd7 36. Rxd3 Qxd3 37. Qxf4 g5 38. Qf2 Rxe4 39. Bxe4 Qxe4+ 40. Qg2 Qd4 41. Rf1 Nd3 42. Qf3 Nf4 43. Qf2 Qe4+ 44. Qf3 Qxc4 45. Qb7+ Kg6 46. Qf3 Qxa4 47. Re1 Qc4 48. Qb7 Qc3 49. Rd1 Qc2 50.
Re1 Qf2 51. Rd1 Qe2 52. Ra1 Qe5 53. Qa8 Nd3 54. Qg8+ Kh6 55. Qf8+ Kh5 56. Qxf6 Kg4 57. Qxe5 Nxe5 58. Ra6 Nf3 59. Rxb6 c4 60. Rc6 Ne5 61. Rc5 Kf4 62. Kg2 h5 63. Rc8 h4 64. Kf2 Ke4 65. h3 g4 66. hxg4 Nxg4+ 67. Kg2 Ne5 68. Kh3 Nd3 69.
Rxc4+ Ke3 70. Ra4 Nf4+ 71. Kxh4 Ne2 72. Kg4 Nd4 73. Ra3+ Ke4 74. Ra4 Ke3 75. Rxd4 Kxd4 1/2-1/2